 Dungeon Crawl Stone Soup version 0.10.2-40-g36e0077 character file.

8512 ibrikchee the Summoner (level 10, -1/63 HPs)
             Began as a Vampire Summoner on June 8, 2012.
             Was an Elder of Vehumet.
             Shot with an arrow by a centaur (14 damage)
             ... on Level 12 of the Dungeon on June 12, 2012.
             The game lasted 01:02:26 (17018 turns).

ibrikchee the Summoner (Vampire Summoner)          Turns: 17018, Time: 01:02:26

HP  -1/63        AC  5     Str  8      XL: 10   Next: 84%
MP  23/36        EV 11     Int 28      God: Vehumet [****..]
Gold 975         SH  0     Dex 14      Spells:  7 memorised,  6 levels left

Res.Fire  : + . .   See Invis. : +   m - staff of fire
Res.Cold  : . . .   Warding    : . . x - +0 elf leather armour
Life Prot.: + . .   Conserve   : .   (no shield)
Res.Acid. : + . .   Res.Corr.  : +   r - +1 wizard hat {Int+3}
Res.Poison: .       Clarity    : .   w - +0 cloak
Res.Elec. : .       Spirit.Shd : .   (no gloves)
Sust.Abil.: . .     Stasis     : .   (no boots)
Res.Mut.  : .       Ctrl.Telep.: .   P - amulet of resist corrosion
Res.Rott. : .       Levitation : .   H - ring of magical power
Saprovore : . . .   Ctrl.Flight: .   i - +5 ring of intelligence

@: mildly poisoned, somewhat resistant to hostile enchantments, stealthy
A: bottle blood, fangs 3, see invisible, unbreathing, Str +1
a: Bat Form, Bottle Blood, Renounce Religion


You were on level 12 of the Dungeon.
You worshipped Vehumet.
Vehumet was extremely pleased with you.
You were not thirsty.

You visited 3 branches of the dungeon, and saw 15 of its levels.
You visited 1 Labyrinth.
You visited 2 portal chambers: ossuary, bailey.

You collected 955 gold pieces.

Inventory:

Hand weapons
 F - a +4,+4 quarterstaff of chaos
 R - the +9,+1 sabre "Claelod" {antimagic, rN+ SInv}
   (You found it in a Labyrinth)

   It disrupts the flow of magical energy around spellcasters and certain
   magical creatures (including the wielder).
   It protects you from negative energy.
   It enhances your eyesight.
Missiles
 d - 39 +1 darts (quivered)
Armour
 r - a +1 wizard hat of intelligence (worn)
 w - a +0 cloak (worn)
 x - a +0 elven leather armour (worn)
 L - a +0 buckler
Magical devices
 a - a wand of random effects (13)
 k - a wand of enslavement (3)
 l - a wand of flame (2)
 n - a wand of paralysis (7)
 o - a wand of teleportation (3) {unknown}
 y - a wand of flame (15)
 C - a wand of draining (6)
 E - a wand of random effects (7)
 O - a wand of cold (9)
Scrolls
 c - a scroll of magic mapping
 g - 2 scrolls of fog
 h - 6 scrolls of teleportation
 q - a scroll of blinking
Jewellery
 i - a +5 ring of intelligence (left hand)
 H - a ring of magical power (right hand)
 I - a +4 ring of dexterity
 P - an amulet of resist corrosion (around neck)
 Q - an uncursed ring of sustain abilities
 T - a +4 ring of strength
Potions
 f - 2 potions of magic
 j - a potion of slowing {unknown}
 p - a potion of agility {unknown}
 u - 2 potions of restore abilities
 v - 3 potions of curing
 z - 2 potions of levitation
 A - a potion of cure mutation {unknown}
 D - a potion of brilliance
 G - 5 potions of heal wounds
 J - a potion of mutation
Books
 b - a book of Summonings

   Spells                             Type                      Level
   Abjuration                         Summoning                    3
   Recall                             Summoning/Translocation      3
   Summon Elemental                   Summoning                    4
   Shadow Creatures                   Summoning                    5
   Summon Demon                       Summoning                    5
   *Summon Ugly Thing                 Summoning                    6
Magical staves
 m - a staff of fire (weapon)


   Skills:
 - Level 2,2 Dodging
 - Level 3,2 Stealth
 + Level 10,7 Spellcasting
 + Level 12,3 Summonings


You had 6 spell levels left.
You knew the following spells:

 Your Spells              Type           Power        Failure   Level  Hunger
a - Summon Small Mammals  Summ           #####        1%          1    None
b - Call Imp              Summ           #######...   1%          2    None
c - Call Canine Familiar  Summ           #######...   1%          3    None
d - Summon Scorpions      Pois/Summ      ######....   1%          4    None
e - Summon Ice Beast      Ice/Summ       ####......   1%          4    None
f - Sticky Flame          Fire/Conj      ####.....    12%         4    None
g - Summon Ugly Thing     Summ           #######...   1%          6    Honeycomb

Dungeon Overview and Level Annotations

Branches:
Dungeon (12/27)            Temple (1/1) D:5             Orc (2/4) D:7
   Lair: D:8-13

Altars:
Ashenzari
Cheibriados
Elyvilon
Fedhas
Kikubaaqudgha
Makhleb
Nemelex Xobeh
Okawaru
Sif Muna
The Shining One
Trog
Vehumet
Xom
Yredelemnul
Zin


Innate Abilities, Weirdness & Mutations

You can bottle blood from corpses.
You have razor-sharp teeth.*
You have supernaturally acute eyesight.
You can survive without breathing.*
Your muscles are strong (Str +1).


Message History

Casting: Summon Ugly Thing
Confirm with . or Enter, or press ? or * to list all spells.
A very ugly thing appears.
Your ice beast hits the centaur.
Your ice beast freezes the centaur!
The centaur hits you but does no damage.
The centaur hits you! The centaur hits you.
* * * LOW HITPOINT WARNING * * *
The centaur hits you.
* * * LOW HITPOINT WARNING * * *
Unknown command.
You swap places.
* * * LOW HITPOINT WARNING * * *
You feel sick.
Something hits the centaur.
Something freezes the centaur!
The centaur dies!
Vehumet accepts your collateral kill.
You feel your power returning.
The centaur wields an uncursed bow.
The centaur shoots an arrow.
The arrow misses your green very ugly thing.
The arrow hits you!
You die...

###...# #.##
#####'#### #..#
#........# #####'###
#........###.......#
#........+.'.......#
#........###.......#
'........# #.......#
#........# #...u.u.#
###'###### #..cu@..#
#.# ###)##### #.##
#I## #..# #.(#
####.## ##(# ......#
... ......# #.I..
......# #.c.c.
......##### #.c...#


You could see a centaur, friendly 2 very ugly things and a friendly white ugly
thing.

Vanquished Creatures
  2 soldier ants (D:9)
  A sky beast (D:6)
  An ogre (D:7)
  A centaur (D:6)
  A water moccasin skeleton (D:7)
  A crimson imp (D:10)
  3 hounds
  2 scorpions (D:9)
  A worker ant (D:4)
  2 gnolls
  A giant centipede zombie (D:6)
  2 adder zombies
  An iguana skeleton (D:11)
  A worm (D:7)
  An ooze (D:6)
  2 giant eyeballs
  11 orcs
  4 giant cockroaches
  3 hobgoblins
  A jackal (D:3)
  3 ant larvae (D:9)
  2 ball pythons
  3 ball python skeletons (Port)
  12 bats
  5 giant newts
  A giant spore (D:11)
  10 goblins
  A hobgoblin zombie (D:8)
  12 kobolds
  4 kobold zombies
  2 orc zombies (Port)
  2 quokkas
  6 rats
  6 toadstools
111 creatures vanquished.

Vanquished Creatures (collateral kills)
  Gastronok (D:10)
  A minotaur (Lab)
  The ghost of vuolankoinen the Ducker, an experienced HuTm of Cheibriados (D:11)
  An orc knight (Port)
  A giant amoeba (D:11)
  Joseph (D:10)
  A cyclops (D:11)
  A feature mimic (D:12)
  A queen ant (D:9)
  A troll (D:10)
  A steam dragon (D:11)
  2 hippogriffs
  18 soldier ants
  A manticore (D:8)
  8 orc warriors
  2 ice beasts
  4 ogres
  4 phantoms
  6 centaurs
  The ghost of rediz the Sneak, an average SpVM (D:4)
  Sigmund (D:4)
  Duvessa (D:7)
  2 giant frogs
  Blork the orc (D:4)
  A water moccasin zombie (D:5)
  A yellow wasp zombie (D:10)
  2 killer bees (D:7)
  5 wights (D:9)
  A big kobold zombie (D:11)
  2 goliath beetles
  6 crimson imps
  A quasit (D:12)
  A hound zombie (D:9)
  Dowan (D:7)
  4 orc priests
  A shadow (D:11)
  2 hounds
  17 worker ants
  Crazy Yiuf (D:5)
  9 scorpions
  An orc wizard (D:6)
  3 iguanas
  11 jellies
  9 gnolls
  3 adders
  2 adder skeletons
  A worm (D:7)
  2 giant eyeballs (D:11)
  4 giant geckos
  14 oozes (D:11)
  28 orcs
  A ball python (D:1)
  3 bats
  4 giant cockroaches
  9 hobgoblins
  10 jackals
  20 kobolds
  4 quokkas
  7 ant larvae (D:9)
  4 giant newts
  7 goblins
  4 rats
  A ballistomycete (D:11)
  4 toadstools (Port)
273 creatures vanquished.

Vanquished Creatures (others)
  3 ugly things (D:11)
  37 ice beasts
  3 war dogs
  A small abomination (D:10)
  A sky beast (D:9)
  A centaur (D:8)
  A wolf (D:7)
  A crimson imp (D:3)
  A hound zombie (D:8)
  4 hounds (D:7)
  35 scorpions
  A shadow imp (D:3)
  3 white imps (D:3)
  A grey rat (D:1)
  A bat (D:1)
  16 jackals
  A quokka (D:1)
  A giant spore (D:11)
  3 kobolds (Port)
  6 rats
  5 fungi (D:11)
  17 toadstools
143 creatures vanquished.

Grand Total: 527 creatures vanquished

Notes
Turn   | Place    | Note
--------------------------------------------------------------
     0 | D:1      | ibrikchee, the Vampire Summoner, began the quest for the Orb.
     0 | D:1      | Reached XP level 1. HP: 13/13 MP: 4/4
   946 | D:2      | Reached XP level 2. HP: 16/19 MP: 2/5
   950 | D:2      | Learned a level 2 spell: Call Imp
  1316 | D:2      | Found a bloodstained altar of Trog.
  1931 | D:3      | Reached XP level 3. HP: 20/24 MP: 3/7
  2906 | D:3      | Reached skill level 5 in Summonings
  3284 | D:4      | Reached XP level 4. HP: 15/30 MP: 1/10
  3432 | D:4      | Learned a level 3 spell: Call Canine Familiar
  3676 | D:4      | Found a burning altar of Makhleb.
  3816 | D:4      | Noticed Blork the orc
  3824 | D:4      | Noticed Sigmund
  3829 | D:4      | Killed Blork the orc
  3829 | D:4      | Reached XP level 5. HP: 19/35 MP: 0/12
  3862 | D:4      | Killed Sigmund
  3903 | D:4      | Paralysed by a giant eyeball for 4 turns
  3909 | D:4      | Paralysed by a giant eyeball for 2 turns
  3934 | D:4      | Noticed rediz's ghost (average SpVM)
  3951 | D:4      | Killed rediz's ghost
  3951 | D:4      | Reached skill level 6 in Summonings
  4226 | D:5      | Entered Level 5 of the Dungeon
  4240 | D:5      | Reached XP level 6. HP: 26/41 MP: 2/15
  4372 | D:5      | Found a staircase to the Ecumenical Temple.
  4381 | Temple   | Entered the Ecumenical Temple
  4546 | Temple   | Became a worshipper of Vehumet
  4762 | D:5      | Noticed Crazy Yiuf
  4774 | D:5      | Killed Crazy Yiuf
  5207 | D:5      | Reached skill level 5 in Spellcasting
  6029 | D:6      | Found an iron altar of Okawaru.
  6282 | D:6      | Reached skill level 7 in Summonings
  6282 | D:6      | Reached XP level 7. HP: 46/46 MP: 15/18
  6377 | D:6      | Found a sand-covered staircase. 6403
                  | ossuary
                  | Entered a tomb 6621
                  | ossuary
                  | Acquired Vehumet's first power
  7850 | D:7      | Noticed Dowan
  7856 | D:7      | Noticed Duvessa
  7868 | D:7      | Killed Duvessa
  7873 | D:7      | Killed Dowan
  7953 | D:7      | Gained mutation: Your muscles are strong (Str +1).
  8356 | D:7      | Found a staircase to the Orcish Mines.
  8436 | D:7      | Reached XP level 8. HP: 52/52 MP: 20/20
  8549 | Orc:1    | Entered Level 1 of the Orcish Mines
  8559 | Orc:1    | Reached skill level 8 in Summonings
  8601 | Orc:1    | Learned a level 4 spell: Summon Scorpions
  8649 | Orc:1    | Found a burning altar of Makhleb.
  9544 | D:8      | You fall through a shaft!
  9572 | D:9      | Acquired Vehumet's second power
  9949 | D:9      | Found a shimmering altar of Xom.
  9949 | D:9      | Found a shimmering altar of Xom.
  9949 | D:9      | Found a shimmering altar of Xom.
  9950 | D:9      | Found a shimmering altar of Xom.
 11255 | D:9      | Learned a level 4 spell: Summon Ice Beast
 11271 | D:9      | Reached skill level 9 in Summonings
 11273 | D:9      | Reached XP level 9. HP: 29/57 MP: 21/23
 12206 | D:8      | Acquired Vehumet's third power
 13176 | D:9      | Reached skill level 10 in Summonings
 13613 | D:10     | Entered Level 10 of the Dungeon
 13613 | D:10     | Noticed Gastronok
 13632 | D:10     | Killed Gastronok
 13632 | D:10     | Reached XP level 10. HP: 18/63 MP: 9/26
 14068 | D:10     | Found a labyrinth entrance.
 14076 | Lab      | Entered a Labyrinth
 14475 | Lab      | Reached skill level 11 in Summonings
 14509 | Lab      | Got a steaming sabre
 14510 | Lab      | Identified the +9,+1 sabre "Claelod" (You found it in a Labyrinth)
 14581 | D:10     | Learned a level 4 spell: Sticky Flame
 14634 | D:10     | Learned a level 6 spell: Summon Ugly Thing
 14854 | D:10     | Noticed Joseph
 14864 | D:10     | Killed Joseph
 15180 | D:11     | Found a flagged portal. 15207
                  | bailey
                  | Entered the bailey 15316
                  | bailey
                  | Reached skill level 10 in Spellcasting
 15745 | D:11     | Noticed a giant amoeba
 15760 | D:11     | Acquired Vehumet's fourth power
 15783 | D:11     | Reached skill level 12 in Summonings
 15792 | D:11     | Killed a giant amoeba
 16252 | D:11     | Paralysed by a giant eyeball for 4 turns
 16429 | D:11     | Noticed vuolankoinen's ghost (experienced HuTm)
 16492 | D:11     | Killed vuolankoinen's ghost
 17018 | D:12     | Shot with an arrow by a centaur
